 Dungeon Crawl Stone Soup version 0.22-a0-113-gdd6f4a9394 (webtiles) character file.

39 Ordine the Shield-Bearer (level 3, -1/23 HPs)
             Began as a Gargoyle Fighter on Jan 28, 2018.
             Slain by an ogre
             ... wielding a +0 giant club
              (8 damage)
             ... on level 3 of the Dungeon.
             The game lasted 00:03:16 (907 turns).

Ordine the Shield-Bearer (Gargoyle Fighter)          Turns: 907, Time: 00:03:16

Health: -1/23      AC: 11    Str: 20    XL:     3   Next: 45%
Magic:  3/3        EV:  7    Int:  8    God:
Gold:   63         SH:  9    Dex:  9    Spells: 2/2 levels left

rFire    . . .     SeeInvis .   a - +0 flail
rCold    . . .     Gourm    .   c - +0 shield
rNeg     + . .     Faith    .   b - +0 scale mail
rPois    ∞         Spirit   .   i - +0 helmet
rElec    +         Reflect  .   (no cloak)
rCorr    .         Harm     .   (no gloves)
MR       .....                  (no boots)
Stlth    ..........             (no amulet)
HPRegen  0.07/turn              e - ring of loudness (curse)
MPRegen  0.08/turn              (no ring)

@: no status effects
A: negative energy resistance 1, electricity resistance, unbreathing,
petrification resistance, rot immunity, AC +3
a: no special abilities


You were on level 3 of the Dungeon.
You were not hungry.

You visited 1 branch of the dungeon, and saw 3 of its levels.

You collected 63 gold pieces.

Inventory:

Hand Weapons
 a - a +0 flail (weapon)
Armour
 b - a +0 scale mail (worn)
 c - a +0 shield (worn)
 i - a +0 helmet (worn)
Jewellery
 e - a cursed ring of loudness (left hand)
Scrolls
 j - a scroll of enchant armour
Potions
 d - a potion of might
Books
 g - a book of Minor Magic

   Spells                             Type                      Level
   a - Magic Dart                     Conjuration                  1
   b - Blink                          Translocation                2
   c - Call Imp                       Summoning                    2
   d - Slow                           Hexes                        2
   e - Conjure Flame                  Conjuration/Fire             3
   f - Mephitic Cloud                 Conjuration/Poison/Air       3
Comestibles
 f - 4 rations
 l - a chunk of flesh


   Skills:
 - Level 3.2 Fighting
 * Level 3.3 Maces & Flails
 - Level 3.2 Armour
 + Level 3.8 Shields


You had 2 spell levels left.
You didn't know any spells.

Dungeon Overview and Level Annotations

Branches:
Dungeon (3/15)

Altars:
Ashenzari


Innate Abilities, Weirdness & Mutations

You are resistant to torment.
Your stone body is resilient. (AC +3)
You are immune to poison.
You resist negative energy. (rN+)
You are resistant to electric shocks. (rElec)
You can survive without breathing.
You are immune to petrification.
You are immune to rotting.


Message History

Found 9 gold pieces.
You see here 11 gold pieces.
You now have 63 gold pieces (gained 11).
A dart slug comes into view.
Found a pink potion and a mace.
Found an escape hatch in the floor.
You closely miss the ogre. You block the ogre's attack.
You hit the ogre but do no damage. The ogre hits you with a giant club.
A bat comes into view.
You hit the ogre.
The ogre is lightly wounded.
The ogre hits you with a giant club.
You barely miss the ogre.
The ogre is lightly wounded.
The ogre hits you with a giant club!
You are too injured to fight recklessly!
You are too injured to fight recklessly!
Your shield prevents you from hitting the ogre.
The ogre is lightly wounded.
The ogre hits you with a giant club!
You die...

.. ....... ...
....... #.#
....... #.#
w.....> #.#
......) ######.#
.......
.$.....##w..(...
#.@Ob.....#
#.##.##.... #.#
.# # #.# !.
#.#.#. #.# ###
>.... #.# #...#
#.# #... #.#
#..# #[######
#..#


You could see an ogre, a dart slug and a bat.

Vanquished Creatures
  A leopard gecko (D:1)
  8 bats (D:1)
  3 giant cockroaches (D:1)
  6 goblins
  3 hobgoblins (D:1)
  2 jackals (D:1)
  A quokka (D:2)
  2 ball pythons (D:1)
  2 frilled lizards (D:1)
  3 kobolds (D:1)
  2 rats (D:1)
33 creatures vanquished.

Notes
Turn   | Place    | Note
-------+----------+-------------------------------------------
     0 | D:1      | Ordine the Gargoyle Fighter began the quest for the Orb.
     0 | D:1      | Reached XP level 1. HP: 14/14 MP: 1/1
   100 | D:1      | Reached XP level 2. HP: 19/19 MP: 2/2
   120 | D:1      | Found a shattered altar of Ashenzari.
   529 | D:1      | Reached XP level 3. HP: 23/23 MP: 3/3
   898 | D:3      | Noticed an ogre
   907 | D:3      | Slain by an ogre

Vault maps used:
D:1:      giann_forest_graveyard, nicolae_ashenzari_panopticon
D:2:      kb_forest_paths, nicolae_qazlal_style_of_elements,
          nemelex_xobeh_ov_fountains_minmay, first_ration
D:3:      old_standard_altar, grunt_gozag_breadcrumbs, uniq_natasha

Skill      XL: |  1  2 |
---------------+-------+-----
Maces & Flails | 3 |  3.3
Fighting       | |  3.2
Armour         | |  3.2
Shields        | |  3.8

Action                   || total
-------------------------++-------
Melee: Flail             ||   141
  Use: Scroll            ||     4
Armor: Scale mail        ||    97
Dodge: Dodged            ||    62
Block: Shield            ||    82

Table legend:
 A = Spawn XP
 B = Non-spawn XP
 C = Spawn XP percentage of total XP
 D = Spawn monster count
 E = Non-spawn monster count
 F = Spawn count percentage of total count
 G = Total turns spent on level
                    A         B        C        D         E        F      G
               +---------+---------+-------+---------+---------+-------+---------
         Total |       0 |      56 |   0.0 |       0 |      33 |   0.0 |   907
               +---------+---------+-------+---------+---------+-------+---------
           D:1 |       0 |      53 |   0.0 |       0 |      31 |   0.0 |   792
           D:2 |       0 |       3 |   0.0 |       0 |       2 |   0.0 |    85
               +---------+---------+-------+---------+---------+-------+---------
